 Dungeon Crawl Stone Soup version 0.24.0-1-gfbc8707122 (webtiles) character file.

Game seed: 10758850335090882410, levelgen mode: deterministic

200 Mrkan the Shield-Bearer (level 5, 0/47 HPs)
             Began as a Minotaur Fighter on Oct 25, 2019.
             Was a Follower of Fedhas.
             Slain by an orc warrior
             ... wielding a +0 trident
              (16 damage)
             ... on level 3 of the Dungeon.
             The game lasted 00:04:35 (1377 turns).

Mrkan the Shield-Bearer (Minotaur Fighter)          Turns: 1377, Time: 00:04:36

Health: 0/47       AC: 15    Str: 20    XL:     5   Next: 49%
Magic:  5/5        EV:  3    Int:  5    God:    Fedhas [*.....]
Gold:   62         SH:  9    Dex: 11    Spells: 4/4 levels left

rFire    . . .     SeeInvis .   a - +0 war axe
rCold    . . .     Gourm    .   c - +0 shield
rNeg     . . .     Faith    .   k - +0 plate armour
rPois    .         Spirit   .   (helmet restricted)
rElec    .         Reflect  .   n - +0 cloak
rCorr    .         Harm     .   j - +2 pair of gloves
MR       .....                  (no boots)
Stlth    ..........             (no amulet)
HPRegen  0.15/turn              (no ring)
MPRegen  0.09/turn              (no ring)

@: drained
A: retaliatory headbutt, horns 2
a: Renounce Religion


You were on level 3 of the Dungeon.
You worshipped Fedhas.
Fedhas was aware of your devotion.
You were not hungry.

You visited 1 branch of the dungeon, and saw 3 of its levels.

You collected 62 gold pieces.

Inventory:

Hand Weapons
 a - a +0 war axe (weapon)
Armour
 c - a +0 shield (worn)
 j - a +2 pair of gloves (worn)
 k - a +0 plate armour (worn)
 n - a +0 cloak (worn)
Wands
 l - a wand of enslavement (8)
Scrolls
 b - a scroll of identify {unknown}
 i - a scroll of random uselessness {unknown}
 m - a scroll of teleportation {unknown}
Potions
 d - 2 potions of might
 e - a potion of brilliance {unknown}
 h - a potion of curing {unknown}
Comestibles
 f - 7 rations


   Skills:
 + Level 4.8(4.1) Fighting
 + Level 4.5(3.8) Axes
 - Level 3.6(2.9) Armour
 + Level 4.9(4.2) Shields
 + Level 1.7(1.0) Invocations


You had 4 spell levels left.
You didn't know any spells.
Your spell library was empty.

Dungeon Overview and Level Annotations

Branches:
Dungeon (3/15)

Altars:
Cheibriados
Fedhas
Ru


Innate Abilities, Weirdness & Mutations

You reflexively headbutt those who attack you in melee.
You have a pair of horns on your head.


Message History

Your shield and plate armour prevent you from hitting the orc priest.
The orc priest is severely wounded.
You block the orc warrior's attack.
The orc wizard miscasts a cantrip.
The orc priest hits you but does no damage.
The orc warrior hits you from afar with a +0 trident!
You closely miss the orc priest. Your headbutt misses the orc priest.
The orc priest is severely wounded.
The orc wizard casts a spell.
The orc wizard seems to speed up.
The orc priest looks braver for a moment.
The orc warrior hits you from afar with a +0 trident!
You hit the orc priest but do no damage.
You headbutt the orc priest.
The orc priest is almost dead.
The orc priest invokes the aid of Beogh against you.
Pain shoots through your body!
The orc warrior hits you from afar with a +0 trident!
You die...
Fedhas appreciates your contribution to the ecosystem.

.... ... ######
..#####....########
#.#...+....+......#
#....##....#....#
#..o.##....<....#
#.ooo##.........#
#o# #.).......+
#@###....#....#
#........#....#
#........#....#
#.[...###....##
#.....# ....+
.......# ....#
.........# ####
...........#
...........#


You could see an orc warrior, an orc priest, an orc wizard and 2 orcs.

Vanquished Creatures
  An orc wizard (D:2)
  Ijyb (D:2)
  4 adders (D:2)
  2 oozes
  3 worms (D:2)
  6 dart slugs
  3 leopard geckos (D:2)
  3 ball pythons (D:2)
  8 bats
  2 giant cockroaches (D:2)
  10 goblins
  7 hobgoblins
  6 jackals
  A quokka (D:2)
  4 frilled lizards
  10 kobolds
  7 rats
78 creatures vanquished.

Notes
Turn   | Place    | Note
-------+----------+-------------------------------------------
     0 | D:1      | Mrkan the Minotaur Fighter began the quest for the Orb.
     0 | D:1      | Reached XP level 1. HP: 19/19 MP: 0/0
   129 | D:1      | Reached XP level 2. HP: 22/27 MP: 1/1
   281 | D:1      | Reached XP level 3. HP: 30/33 MP: 2/2
   582 | D:2      | Found a blossoming altar of Fedhas.
   582 | D:2      | Found a snail-covered altar of Cheibriados.
   590 | D:2      | Became a worshipper of Fedhas Madash
   681 | D:2      | Reached XP level 4. HP: 40/40 MP: 3/3
   778 | D:2      | Found a sacrificial altar of Ru.
   794 | D:2      | Reached skill level 1 in Invocations
  1001 | D:2      | Reached * piety under Fedhas
  1035 | D:2      | Reached XP level 5. HP: 45/47 MP: 4/4
  1082 | D:2      | Noticed Ijyb
  1099 | D:2      | Killed Ijyb
  1366 | D:3      | Noticed an orc warrior
  1377 | D:3      | Slain by an orc warrior

Levels and vault maps discovered:
D:1:      minmay_arrival_wavy_path, layout_rooms, minmay_tiny_reverse_x
D:2:      kennysheep_the_goblin_king, layout_basic,
          nicolae_ru_great_annihilating_truth, gammafunk_temple_overflow_wave
D:3:      layout_basic, lemuel_crystal_altar, uniq_natasha, uniq_jessica

Skill      XL: |  1  2  3  4 |
---------------+-------------+-----
Axes           | 3 4 |  4.5
Shields        | 4 |  4.9
Fighting       | 4 |  4.8
Invocations    | 1 |  1.7
Armour         | |  3.6

Action                   |  1- 3 |  4- 6 || total
-------------------------+-------+-------++-------
Melee: War axe           |    72 |    99 ||   171
       Headbutt          |    12 |    22 ||    34
 Stab: Invisible         |       |     1 ||     1
       Paralysed         |       |     1 ||     1
  Eat: Chunk             |       |     2 ||     2
Armor: Scale mail        |    38 |    23 ||    61
       Plate armour      |       |    68 ||    68
Dodge: Dodged            |    25 |    24 ||    49
Block: Shield            |    52 |    59 ||   111
